 Dungeon Crawl Stone Soup version 0.27-a0-1217-g8a41f320e8 (webtiles) character file.

Game seed: 9545680137375069008

357 polve the Skirmisher (level 6, -1/52 HPs)
             Began as a Demonspawn Abyssal Knight on June 5, 2021.
             Was a Follower of Lugonu.
             Slain by a black bear (2 damage)
             ... on level 5 of the Dungeon.
             The game lasted 00:03:13 (5188 turns).

polve the Skirmisher (Demonspawn Abyssal Knight)    Turns: 5188, Time: 00:03:13

Health: -1/52      AC: 11    Str: 14    XL:     6   Next: 37%
Magic:  7/7        EV:  6    Int: 13    God:    Lugonu [*.....]
Gold:   95         SH:  0    Dex: 13    Spells: 5/5 levels left

rFire    . . .     SeeInvis .   a - +1 short sword
rCold    . . .     Faith    .   (no shield)
rNeg     . . .     Spirit   .   d - +0 chain mail
rPois    .         Reflect  .   (no helmet)
rElec    .         Harm     .   (no cloak)
rCorr    .         Rampage  .   (no gloves)
Will     .....                  m - +0 pair of boots
Stlth    ..........             (no amulet)
HPRegen  0.17/turn              (no ring)
MPRegen  0.10/turn              (no ring)

@: no status effects
A: talons 1, slimy green scales 1, powered by death 1
a: Renounce Religion, Depart the Abyss


You were on level 5 of the Dungeon.
You worshipped Lugonu.
Lugonu was aware of your devotion.
You visited 1 branch of the dungeon, and saw 5 of its levels.
You visited the Abyss 1 time.

You collected 95 gold pieces.

Inventory:

Hand Weapons
 a - a +1 short sword (weapon)
Armour
 b - a +0 leather armour
 d - a +0 chain mail (worn)
 m - a +0 pair of boots (worn)
Jewellery
 f - a ring of ice
Scrolls
 c - 3 scrolls of identify {unknown}
 e - a scroll of brand weapon {unknown}
 g - 2 scrolls of enchant weapon {unknown}
 i - a scroll of blinking {unknown}
 k - a scroll of holy word {unknown}
 p - a scroll of amnesia {unknown}
 q - 2 scrolls of fear {unknown}
 r - a scroll of vulnerability {unknown}
 t - a scroll of enchant armour {unknown}
Potions
 h - a potion of lignification {unknown}
 j - a potion of brilliance {unknown}
 l - a potion of mutation {unknown}
 n - a potion of flight {unknown}
 o - a potion of degeneration {unknown}
 s - a potion of curing


   Skills:
 - Level 6.0 Fighting
 - Level 4.0 Short Blades
 + Level 1.8 Armour
 + Level 1.0 Dodging
 - Level 2.4 Invocations


You had 5 spell levels left.
You didn't know any spells.
Your spell library contained the following spells:

 Spells                   Type           Power      Damage    Failure   Level
 Summon Small Mammal      Summ           0%         N/A       100%        1
 Call Imp                 Summ           0%         N/A       100%        2
 Call Canine Familiar     Summ           0%         N/A       100%        3
 Summon Guardian Golem    Hex/Summ       0%         N/A       100%        3
 Summon Ice Beast         Ice/Summ       0%         N/A       100%        4
 Summon Lightning Spire   Summ/Air       0%         N/A       100%        4


Dungeon Overview and Level Annotations

Branches:
Dungeon (5/15)
 Temple: D:4-7

Altars:
Nemelex Xobeh

Annotations:
D:3 2 transporters, oLDEn's ghost, weakling DgIE


Innate Abilities, Weirdness & Mutations

You have sharp toenails.
You are partially covered in slimy green scales. (AC +2)
You regenerate a little health from kills.


Message History

The black bear closely misses you.
Your chain mail prevents you from hitting the black bear.
The black bear is heavily wounded.
The black bear bites you.
* * * LOW HITPOINT WARNING * * *
The black bear closely misses you.
The black bear claws you but does no damage.
Okay, then.
Okay, then.
Okay, then.
Things that are here:
a +0 whip; a +0 leather armour; an orc corpse
There is a stone staircase leading up here.
You hit the black bear.
The black bear is severely wounded.
The black bear goes berserk!
You closely miss the black bear.
The black bear is severely wounded.
The black bear barely misses you. The black bear claws you.
* * * LOW HITPOINT WARNING * * *
The black bear claws you but does no damage.
You completely miss the black bear.
The black bear is severely wounded.
The black bear bites you but does no damage.
The black bear claws you but does no damage.
The black bear barely misses you. x2
The black bear claws you but does no damage.
The black bear claws you.
* * * LOW HITPOINT WARNING * * *
Your chain mail prevents you from hitting the black bear.
The black bear is severely wounded.
The black bear bites you.
* * * LOW HITPOINT WARNING * * *
The black bear claws you but does no damage. x2
You hit the black bear.
The black bear is severely wounded.
The black bear barely misses you. The black bear claws you.
* * * LOW HITPOINT WARNING * * *
The black bear claws you.
You die...

#.#
...
#.#
#.#
#.#
#.#
#.#
#h#
#@#
#.#
#..
####


You could see a black bear (berserk).

Vanquished Creatures
  A kobold brigand (D:3)
  A hound (D:4)
  An iguana (D:4)
  Natasha (thrice) (D:4)
  A hound skeleton (D:4)
  A river rat (D:4)
  6 adders
  2 ufetubi (D:4)
  2 worms (D:2)
  3 dart slugs
  5 orcs
  8 bats
  An endoplasm (D:1)
  3 giant cockroaches
  3 hobgoblins (D:1)
  2 jackals (D:1)
  A quokka (D:4)
  5 ball pythons
  A frilled lizard (D:1)
  3 goblins
  8 kobolds
  5 rats
66 creatures vanquished.

Notes
Turn   | Place    | Note
-------+----------+-------------------------------------------
     0 | Abyss:1  | polve the Demonspawn Abyssal Knight began the quest for the
                  | Orb.
     0 | Abyss:1  | Reached XP level 1. HP: 18/18 MP: 2/2
   118 | Abyss:1  | Noticed a quasit
   121 | Abyss:1  | Noticed an orange demon
   133 | Abyss:1  | Noticed a small abomination
   134 | D:1      | Escaped the Abyss
   300 | D:1      | Gained mutation: You have sharp toenails. [demonic
                  | ancestry]
   300 | D:1      | Reached XP level 2. HP: 9/24 MP: 3/3
   512 | D:1      | Reached * piety under Lugonu
   532 | D:1      | Found a faded altar of an unknown god.
  1750 | D:2      | Found a sparkling altar of Nemelex Xobeh.
  1784 | D:2      | Reached XP level 3. HP: 29/29 MP: 4/4
  2855 | D:3      | Reached XP level 4. HP: 30/35 MP: 5/5
  3397 | D:3      | Noticed a kobold brigand
  3412 | D:3      | Killed a kobold brigand
  3413 | D:3      | Reached skill level 4 in Fighting
  3413 | D:3      | Gained mutation: You are partially covered in slimy green
                  | scales. (AC +2) [demonic ancestry]
  3413 | D:3      | Reached XP level 5. HP: 15/43 MP: 6/6
  3771 | D:3      | Found a transporter.
  3781 | D:3      | Noticed oLDEn's ghost (weakling DgIE)
  3792 | D:3      | Found a transporter.
  4048 | D:4      | Reached skill level 5 in Fighting
  4151 | D:4      | Noticed Natasha
  4221 | D:4      | Killed Natasha
  4222 | D:4      | Gained mutation: You regenerate a little health from kills.
                  | [demonic ancestry]
  4222 | D:4      | Reached XP level 6. HP: 32/51 MP: 7/7
  4555 | D:4      | Found a glowing drain.
  4936 | D:4      | Noticed Natasha
  4955 | D:4      | Killed Natasha
  5118 | D:4      | Noticed Natasha
  5128 | D:4      | Killed Natasha
  5129 | D:4      | Reached skill level 6 in Fighting
  5129 | D:4      | Reached skill level 1 in Dodging
  5153 | D:5      | Entered Level 5 of the Dungeon
  5188 | D:5      | HP: 1/52 [black bear (5)]
  5188 | D:5      | Slain by a black bear

Illustrated notes

Levels and vault maps discovered:
D:1:      nzn_arrival_water_spiral, layout_basic,
          hellmonk_ecumenical_altar_blasted
D:2:      layout_basic, basic_altar, minmay_diced_spiral
D:3:      layout_rooms, gammafunk_ghost_arena, supply_closet_lemuel,
          chequers_jeans
D:4:      layout_loops_ring, portal_sewer_entry_a, uniq_natasha
D:5:      layout_loops_ring, nicolae_ossuary_entry_plus, hangedman_decor_lopped

Skill      XL: |  1  2  3  4  5  6 |
---------------+-------------------+-----
Short Blades   | 2 3 4 |  4.0
Fighting       | 4 5 6 |  6.0
Dodging        | 1 |  1.0
Armour         | |  1.8
Invocations    | |  2.4

Action                   |  1- 3 |  4- 6 || total
-------------------------+-------+-------++-------
Melee: Short sword       |   145 |   168 ||   313
       Kick              |    24 |    21 ||    45
       Unarmed           |       |    17 ||    17
Invok: Depart the Abyss  |     1 |       ||     1
  Use: Potion            |       |     1 ||     1
Armor: Leather armour    |    16 |       ||    16
       Chain mail        |    88 |   110 ||   198
Dodge: Dodged            |    61 |    67 ||   128

Table legend: (Time is in decaauts)
 A = Elapsed time spent in this place.
 B = Non-inter-level travel time spent in this place.
 C = Inter-level travel time spent in this place.
 D = Time resting spent in this place.
 E = Time spent auto-exploring this place.
 F = Levels seen in this place.
 G = Mean time per level.
                   A        B        C        D        E       F      G
               +--------+--------+--------+--------+--------+-----+--------+
         Total |   5178 |   5077 |    101 |      0 |   4421 |   6 |  863.0 |
       Dungeon |   5044 |   4943 |    101 |      0 |   4303 |   5 | 1008.8 |
         Abyss |    134 |    134 |      0 |      0 |    118 |   1 |  134.0 |
               +--------+--------+--------+--------+--------+-----+--------+

Top non-repeatable levels by time:
     D:2: 1404 daAuts
     D:4: 1319 daAuts
     D:1: 1302 daAuts
     D:3: 985 daAuts
 Abyss:1: 134 daAuts
     D:5: 32 daAuts
